 Dungeon Crawl Stone Soup version 0.16-a0-2944-g6f1bef2 (webtiles) character file.

228 Pikaro the Conjurer (level 5, -3/28 HPs)
             Began as a Deep Elf Conjurer on Dec 4, 2014.
             Shot with an arrow by a centaur (10 damage)
             ... on level 3 of the Dungeon.
             The game lasted 00:09:05 (3540 turns).

Pikaro the Conjurer (Deep Elf Conjurer)             Turns: 3540, Time: 00:09:05

Health: -3/28      AC:  3    Str:  5    XL:     5   Next: 70%
Magic:  7/16       EV: 13    Int: 21    God:
Gold:   155        SH:  0    Dex: 15    Spells: 2 memorised, 5 levels left

rFire  . . .     SeeInvis .     w - +3 dagger
rCold  . . .     Clarity  .     a - +0 robe
rNeg   . . .     SustAb   .     (no shield)
rPois  +         Gourm    .     p - +0 helmet
rElec  .         Spirit   .     (no cloak)
rCorr  .         Warding  .     (no gloves)
rMut   .         Stasis   .     (no boots)
MR     .....                    (no amulet)
Stlth  ++........               k - ring of wizardry {wiz+, !d}
                                f - ring of poison resistance {rP+, !d}

@: not resistant to hostile enchantments, unstealthy
A: no striking features
a: no special abilities


You were on level 3 of the Dungeon.
You were not hungry.

You visited 1 branch of the dungeon, and saw 3 of its levels.

You collected 155 gold pieces.

Inventory:

Hand weapons
 w - a +3 dagger (weapon)
   (You took it off an orc wizard on level 3 of the Dungeon)
Missiles
 q - 8 curare-tipped needles
Armour
 a - a +0 robe (worn)
 p - a +0 helmet (worn)
   (You found it on level 2 of the Dungeon)
Jewellery
 f - a ring of poison resistance (left hand) {rP+, !d}
   (You found it on level 1 of the Dungeon)
 k - a ring of wizardry (right hand) {wiz+, !d}
   (You found it on level 2 of the Dungeon)
 l - a +5 ring of dexterity {unknown}
   (You found it on level 2 of the Dungeon)
Magical devices
 y - a wand of fire (9)
   (You found it on level 3 of the Dungeon)
 B - a wand of magic darts (19)
   (You found it on level 3 of the Dungeon)
Scrolls
 e - 4 scrolls of identify {unknown}
 g - a scroll of enchant armour {unknown}
 h - a scroll of amnesia {unknown}
 o - a scroll of recharging {unknown}
 r - a scroll of remove curse {unknown}
 t - a scroll of immolation {unknown}
 v - a scroll of teleportation {unknown}
 x - a scroll of fog {unknown}
 A - a scroll of enchant weapon {unknown}
Potions
 d - 3 potions of curing {unknown}
 m - 3 potions of might {unknown}
 n - a potion of experience {unknown}
 u - a potion of heal wounds {unknown}
Books
 c - a book of Conjurations
Comestibles
 b - 3 bread rations {@e1}
 i - a meat ration {@e2}
 j - a royal jelly
 s - a beef jerky
 z - a slice of pizza
 C - a chunk of flesh {@w0}


   Skills:
 - Level 2.4 Dodging
 - Level 2.4 Stealth
 - Level 3.0 Spellcasting
 + Level 7.7 Conjurations


You had 5 spell levels left.
You knew the following spells:

 Your Spells              Type           Power        Failure   Level  Hunger
a - Magic Dart            Conj           ####         1%          1    None
b - Iskenderun's Mystic   Conj           #####...     2%          4    ####...


Dungeon Overview and Level Annotations

Branches:
Dungeon (3/15)

Altars:
Nemelex Xobeh
Ru
Trog


Message History

Spoiler Alert: The moth of wrath (wandering) is fast and can enrage both enemies and you!
Spoiler Alert: The moth of wrath (wandering) is fast and can enrage both enemies and you!
A moth of wrath is nearby!
Spoiler Alert: The moth of wrath (wandering) is fast and can enrage both enemies and you!
Spoiler Alert: The moth of wrath (wandering) is fast and can enrage both enemies and you!
A moth of wrath is nearby!
Spoiler Alert: The moth of wrath (wandering) is fast and can enrage both enemies and you!
Spoiler Alert: The moth of wrath (wandering) is fast and can enrage both enemies and you!
Spoiler Alert: The moth of wrath (wandering) is fast and can enrage both enemies and you!
Spoiler Alert: The moth of wrath (wandering) is fast and can enrage both enemies and you!
Spoiler Alert: The moth of wrath (wandering) is fast and can enrage both enemies and you!
Spoiler Alert: The moth of wrath (wandering) is fast and can enrage both enemies and you!
The moth of wrath's fur bristles in rage as it notices you.
Spoiler Alert: The moth of wrath is fast and can enrage both enemies and you!
Your line of fire to the moth of wrath is blocked by an iron grate.
Continue anyway?
Okay, then.
The magic dart hits the worm.
You now have 15/16 mp.
Your line of fire to the moth of wrath is blocked by an iron grate.
Continue anyway?
Okay, then.
Spoiler Alert: The moth of wrath is fast and can enrage both enemies and you!
The magic dart hits the worm.
You now have 14/16 mp.
The magic dart hits the worm.
You now have 13/16 mp.
The magic dart hits the worm.
The moth of wrath goads the worm on!
The worm goes berserk!
You now have 12/16 mp.
Spoiler Alert: The moth of wrath is fast and can enrage both enemies and you!
You see here a rat corpse.
The magic dart hits the worm.
You now have 13/16 mp.
The worm is no longer berserk.
The magic dart hits the worm.
You now have 14/16 mp.
The magic dart hits the worm.
You now have 13/16 mp.
The magic dart hits the worm.
You now have 12/16 mp.
The magic dart hits the worm.
You kill the worm!
You now have 11/16 mp.
You see here a worm corpse.
You butcher the worm corpse.
C - 2 chunks of flesh {@w0} You start resting.
MP restored: 16 You open the door.
An orc comes into view. It is wielding a club.
The magic dart hits the orc.
You kill the orc!
You now have 15/16 mp.
True 28/28 15/16 false false -> rest You start resting.
True 28/28 16/16 false false -> explore; MP restored: 16
There is an open door here.
You see here a club.
There is an open door here.
You open the door.
Found a sparkling altar of Nemelex Xobeh.
There is an open door here.
You open the door.
An ooze comes into view.
An ooze is nearby!
The magic dart hits the ooze.
The ooze quivers.
The ooze moves out of view.
You now have 15/16 mp.
No target in view!
No target in view!
There is an open door here.
The orb of energy hits the ooze.
You are feeling hungry.
You now have 11/16 mp.
The orb of energy hits the ooze.
You kill the ooze!
The orb of energy explodes!
You now have 7/16 mp.
Eating one of 2 chunks of flesh {@w0}.
True 28/28 8/16 false false -> rest You start resting.
True 28/28 16/16 false false -> explore; MP restored: 16 A centaur comes into view.
Spoiler Alert: The centaur (wandering) is fast and can hit for moderate damage at range!
Spoiler Alert: The centaur (wandering) is fast and can hit for moderate damage at range!
The magic dart hits the centaur.
You now have 15/16 mp.
Spoiler Alert: The centaur is fast and can hit for moderate damage at range!
The orb of energy misses the centaur.
The centaur wields a shortbow.
The centaur shoots an arrow.
The arrow hits you!
Ouch! That really hurt!
You take 15 damage, and have 13/28 hp.
MASSIVE DAMAGE!!
You now have 11/16 mp.
Spoiler Alert: The centaur is fast and can hit for moderate damage at range!
The orb of energy hits the centaur.
The centaur shoots an arrow.
The arrow hits you.
* * * LOW HITPOINT WARNING * * *
The centaur shoots an arrow.
The arrow hits you!
You die...

..# #..........#
..####..)...####
..........#+###
##.....>......#
#............###
#..............#
#..............#
######.........#####
#..c......@...###
#.####..###..)..#
#..###.##.##..#.##
##.#...#._.#.....#
#...####.####...#
#..##..#'#..##..##
#..#...'.')..#...#
#..##.##.##.##.#.#
#...###.#.###..#.#


You could see a centaur.

Vanquished Creatures
  An orc priest (D:3)
  2 orc wizards
  A hound skeleton (D:3)
  2 adders (D:2)
  8 worms
  An ooze (D:3)
  2 giant geckos
  3 orcs (D:3)
  2 giant cockroaches
  3 goblins
  10 hobgoblins
  8 jackals
  4 kobolds
  10 bats
  5 giant newts
  9 rats
71 creatures vanquished.

Notes
Turn   | Place    | Note
--------------------------------------------------------------
     0 | D:1      | Pikaro, the Deep Elf Conjurer, began the quest for the Orb.
     0 | D:1      | Reached XP level 1. HP: 10/10 MP: 5/5
   246 | D:1      | Reached XP level 2. HP: 15/15 MP: 4/8
   302 | D:1      | Reached skill level 5 in Conjurations
   897 | D:2      | Reached XP level 3. HP: 19/19 MP: 2/10
  1181 | D:2      | Reached skill level 6 in Conjurations
  1286 | D:2      | Found a sacrificial altar of Ru.
  1303 | D:2      | Reached XP level 4. HP: 24/24 MP: 2/13
  2158 | D:2      | Found a sacrificial altar of Ru.
  2452 | D:3      | Learned a level 4 spell: Iskenderun's Mystic Blast
  2457 | D:3      | Reached skill level 7 in Conjurations
  2457 | D:3      | Reached XP level 5. HP: 15/28 MP: 0/16
  3009 | D:3      | Noticed a moth of wrath
  3011 | D:3      | Found a bloodstained altar of Trog.
  3430 | D:3      | Found a sparkling altar of Nemelex Xobeh.
  3538 | D:3      | Noticed a centaur
  3540 | D:3      | HP: 7/28 [centaur/arrow (6)]
  3540 | D:3      | Shot with an arrow by a centaur

Action                   |  1- 3 |  4- 6 || total
-------------------------+-------+-------++-------
Melee: Unarmed           |     3 |       ||     3
 Cast: Magic Dart        |    86 |    97 ||   183
       Iskenderun's Myst |       |     4 ||     4
  Eat: Chunk             |     1 |     7 ||     8

Vault maps used:
D:1:      lightli_iron_boxes
D:2:      nicolae_ru_great_annihilating_truth
D:3:      tgw_trog, nemelex_dance_club_becter, uniq_natasha

Table legend:
 A = Turns spent in this place as a percentage of turns spent in the entire game.
 B = Non-inter-level travel turns spent in this place as a percentage of non-inter-level travel turns spent in the entire game.
 C = Inter-level travel turns spent in this place as a percentage of turns spent in this place.
 D = Turns resting spent in this place as a percentage of non-inter-level travel turns spent in this place.
 E = Turns spent auto-exploring this place as a percentage of non-inter-level travel turns spent in this place.
 F = Non-inter-level travel turns spent in this place divided by the number of levels of this place that you've seen.
                   A       B       C       D       E      F
               +-------+-------+-------+-------+-------+----------------------
         Total | 100.0 | 100.0 |   0.4 |  15.7 |  12.1 | 225.0
       Dungeon | 100.0 | 100.0 |   0.4 |  15.7 |  12.1 | 225.0
               +-------+-------+-------+-------+-------+----------------------

Table legend:
 A = Kills in this place as a percentage of kills in entire the game.
 B = Kills by you in this place as a percentage of kills by you in the entire game.
 C = Kills by friends in this place as a percentage of kills by friends in the entire game.
 D = Other kills in this place as a percentage of other kills in the entire game.
 E = Experience gained in this place as a percentage of experience gained in the entire game.
 F = Experience gained in this place divided by the number of levels of this place that you have seen.
                   A       B       C       D       E      F
               +-------+-------+-------+-------+-------+----------------------
         Total | 100.0 | 100.0 |  -nan |  -nan | 100.0 | 108.7
       Dungeon | 100.0 | 100.0 |  -nan |  -nan | 100.0 | 108.7
               +-------+-------+-------+-------+-------+----------------------
